 Dungeon Crawl Stone Soup version 0.26-a0-613-g4f23886233 (webtiles) character file.

Game seed: 5359450551408033436

11 DogServant the Ruffian (level 2, -1/23 HPs)
             Began as a Minotaur Transmuter on Sept 11, 2020.
             Slain by a goblin (2 damage)
             ... on level 1 of the Dungeon.
             The game lasted 00:00:51 (383 turns).

DogServant the Ruffian (Minotaur Transmuter)         Turns: 383, Time: 00:00:54

Health: -1/23      AC:  2    Str: 14    XL:     2   Next: 17%
Magic:  3/3        EV: 12    Int: 10    God:
Gold:   23         SH:  0    Dex: 10    Spells: 3/4 levels left

rFire    . . .     SeeInvis .     - Unarmed
rCold    . . .     Faith    .   (no shield)
rNeg     . . .     Spirit   .   a - +0 robe
rPois    .         Reflect  .   (helmet restricted)
rElec    .         Harm     .   (no cloak)
rCorr    .                      (no gloves)
MR       .....                  (no boots)
Stlth    +.........             (no amulet)
HPRegen  0.07/turn              (no ring)
MPRegen  0.08/turn              (no ring)

@: no status effects
A: retaliatory headbutt, horns 2
a: no special abilities


You were on level 1 of the Dungeon.
You visited 1 branch of the dungeon, and saw 1 of its levels.

You collected 23 gold pieces.

Inventory:

Missiles
 d - 9 poisoned darts (quivered)
Armour
 a - a +0 robe (worn)
Scrolls
 f - a scroll of teleportation {unknown}
 g - a scroll of remove curse {unknown}
Potions
 b - 2 potions of degeneration {unknown}
 c - a potion of heal wounds {unknown}
 e - a potion of flight {unknown}


   Skills:
 + Level 1.6 Fighting
 - Level 2.1 Dodging
 * Level 3.6 Unarmed Combat
 + Level 1.5 Spellcasting
 + Level 1.7 Transmutations


You had 3 spell levels left.
You knew the following spells:

 Your Spells              Type           Power        Failure   Level
a - Beastly Appendage     Tmut           #.....       16%         1

Your spell library contained the following spells:

 Spells                   Type           Power        Failure   Level
 Wereblood                Tmut           #.......     24%         2
 Spider Form              Tmut/Pois      #.........   56%         3
 Ice Form                 Ice/Tmut       #.......     92%         4
 Blade Hands              Tmut           #.........   99%         5


Dungeon Overview and Level Annotations

Branches:
Dungeon (1/15)

Altars:


Innate Abilities, Weirdness & Mutations

You reflexively headbutt those who attack you in melee.
You have a pair of horns on your head.


Message History

* * * LOW HITPOINT WARNING * * *
You barely miss the goblin. Your headbutt misses the goblin.
The goblin hits you.
* * * LOW HITPOINT WARNING * * *
You barely miss the goblin. The goblin hits you but does no damage.
You hit the goblin.
The goblin is moderately wounded.
The goblin closely misses you.
You closely miss the goblin.
The goblin is moderately wounded.
The goblin hits you.
* * * LOW HITPOINT WARNING * * *
There are no items here.
Throwing (i - inventory)
d - 10 poisoned darts (quivered)
Press: ? - help, Shift-Dir - straight line, f - goblin
Aim: a goblin (moderately wounded)
You throw a poisoned dart.
The poisoned dart closely misses the goblin.
The goblin hits you.
You die...

.### # ...
#.######.###.
#.#...(......
###....@...###.
.......g.$.....
.##....†..####..# ###
#...†.........# #..
#.......####..# #..
#......## #..# #..
#..#.#.# #..# #..
#..#.#.# #..# #..
##..#.#.#####..######..


You could see a goblin.

Vanquished Creatures
  A bat (D:1)
  A giant cockroach (D:1)
  A goblin (D:1)
  3 jackals (D:1)
  A kobold (D:1)
  3 rats (D:1)
10 creatures vanquished.

Notes
Turn   | Place    | Note
-------+----------+-------------------------------------------
     0 | D:1      | DogServant the Minotaur Transmuter began the quest for the
                  | Orb.
     0 | D:1      | Reached XP level 1. HP: 16/16 MP: 1/1
   125 | D:1      | Reached XP level 2. HP: 14/23 MP: 1/3
   382 | D:1      | HP: 1/23 [goblin (1)]
   383 | D:1      | Slain by a goblin

Illustrated notes

Levels and vault maps discovered:
D:1:      dpeg_arrival_signposts, layout_loops_ring, hangedman_decor_points

Action                   || total
-------------------------++-------
Melee: Unarmed           ||    35
       Headbutt          ||     5
Throw: Dart              ||     1
Armor: Robe              ||    13
Dodge: Dodged            ||    11

Table legend: (Time is in decaauts)
 A = Elapsed time spent in this place.
 B = Non-inter-level travel time spent in this place.
 C = Inter-level travel time spent in this place.
 D = Time resting spent in this place.
 E = Time spent auto-exploring this place.
 F = Levels seen in this place.
 G = Mean time per level.
                   A        B        C        D        E       F      G
               +--------+--------+--------+--------+--------+-----+--------+
         Total |    380 |    380 |      0 |      0 |    286 |   1 |  380.0 |
       Dungeon |    380 |    380 |      0 |      0 |    286 |   1 |  380.0 |
               +--------+--------+--------+--------+--------+-----+--------+

Top non-repeatable levels by time:
     D:1: 380 daAuts
